 Dungeon Crawl Stone Soup version 0.29.1-1-gd02db6906a (webtiles) character file.

Game seed: 17280042108465192283

60 112233 the Gusty (level 4, -2/25 HPs)
             Began as a Tengu Air Elementalist on Oct 10, 2022.
             Slain by an orc
             ... wielding a +0 whip
              (6 damage)
             ... on level 2 of the Dungeon.
             The game lasted 00:02:01 (2767 turns).

112233 the Gusty (Tengu Air Elementalist)           Turns: 2767, Time: 00:02:01

Health: -2/25      AC:  2    Str:  8    XL:     4   Next: 6%
Magic:  3/8        EV: 13    Int: 18    God:
Gold:   55         SH:  0    Dex: 14    Spells: 7/8 levels left

rFire   . . .      SeeInvis .   l - +0 dagger
rCold   . . .      Faith    .   (no shield)
rNeg    . . .      Spirit   .   a - +0 robe
rPois   .          Reflect  .   (helmet restricted)
rElec   .          Harm     .   (no cloak)
rCorr   .          Rampage  .   (no gloves)
Will    .....                   (boots unavailable)
Stlth   ++........              (no amulet)
HPRegen 0.08/turn               (no ring)
MPRegen 0.11/turn               (no ring)

@: no status effects
A: beak, talons 3
a: no special abilities


You were on level 2 of the Dungeon.
You visited 1 branch of the dungeon, and saw 3 of its levels.

You collected 55 gold pieces.

Inventory:

Hand Weapons
 l - a +0 dagger (weapon)
Armour
 a - a +0 robe (worn)
 j - a +0 buckler
Scrolls
 c - a scroll of summoning {unknown}
 d - a scroll of blinking {unknown}
 f - 2 scrolls of identify {unknown}
 k - a scroll of teleportation {unknown}
 m - a scroll of poison {unknown}
Potions
 b - a potion of magic
 e - a potion of curing {unknown}
 g - a potion of lignification {unknown}
 h - a potion of attraction {unknown}
 i - a potion of brilliance {unknown}


   Skills:
 + Level 1.4 Fighting
 + Level 2.9 Dodging
 - Level 2.0 Stealth
 + Level 2.6 Spellcasting
 - Level 1.3 Conjurations
 + Level 4.7 Air Magic


You had 7 spell levels left.
You knew the following spells:

 Your Spells              Type           Power      Damage    Failure   Level
a - Shock                 Conj/Air       52%        1d6       4%          1

Your spell library contained the following spells:

 Spells                   Type           Power      Damage    Failure   Level
 Static Discharge         Conj/Air       13%        3-5/arc   8%          2
 Swiftness                Air            19%        N/A       8%          3
 Airstrike                Air            9%         2d(2-18)  24%         4
 Portal Projectile        Hex/Tloc       4%         N/A       45%         3
 Tukima's Dance           Hex            2%         N/A       45%         3
 Blade Hands              Tmut           1%         N/A       99%         5


Dungeon Overview and Level Annotations

Branches:
Dungeon (3/15)

Altars:


Innate Abilities, Weirdness & Mutations

You have a beak for a mouth.
You have claws for feet.


Message History

You don't know that spell.
Unknown command.
Unknown command.
Casting: Shock (safe; 4% risk of failure)
Confirm with . or Enter, or press ? or * to list all spells.
Aiming: Shock (safe; 4% risk of failure)
Press: ? - help, Shift-Dir - straight line, f/p - orc
Aim: an orc, wielding a +0 flail (moderately wounded, 68% to hit)
The zap hits the orc.
The orc is severely wounded.
The orc hits you with a +0 whip. The orc hits you with a +0 flail.
Unknown command.
The orc misses you. x2
You climb upwards.
There is a stone staircase leading down here.
Unknown command.
Casting: Shock (safe; 4% risk of failure)
Confirm with . or Enter, or press ? or * to list all spells.
Aiming: Shock (safe; 4% risk of failure)
Press: ? - help, Shift-Dir - straight line, f - orc
Aim: an orc, wielding a +0 whip (68% to hit)
The zap misses the orc.
The orc misses you. x2
Unknown command.
Casting: Shock (safe; 4% risk of failure)
Confirm with . or Enter, or press ? or * to list all spells.
Aiming: Shock (safe; 4% risk of failure)
Press: ? - help, Shift-Dir - straight line, f/p - orc
Aim: an orc, wielding a +0 whip (68% to hit)
The zap misses the orc.
The orc hits you with a +0 flail!
* * * LOW HITPOINT WARNING * * *
The orc barely misses you.
Unknown command.
Casting: Shock (safe; 4% risk of failure)
Confirm with . or Enter, or press ? or * to list all spells.
Aiming: Shock (safe; 4% risk of failure)
Press: ? - help, Shift-Dir - straight line, p - orc The zap hits the orc.
You kill the orc!
The orc hits you with a +0 whip.
You die...

.#.##..#### #......### #.#......
.#.###....###....#...####.)..####
............#....#.......§.....§.
##.######.#.#....#.≈≈≈≈≈.≈≈≈≈≈.≈≈
##.##.......'.....§≈###≈§§###§.≈#
...##.......#......≈# #§§§# #≈.≈#
#####.......#....#§≈###≈.≈###≈§§#
# #.......#..o.#.§§§≈≈.≈≈≈≈§.≈≈ #
#.......##..@)..§§..§.§§....§ #
#######'######.≈≈≈≈≈.≈≈§§≈§≈≈ #
#.......#.≈###≈§§###§.§#
#.......#.≈# #≈.≈# #§§§#
#.......#.≈###§.≈###≈.§#
##........§≈≈≈≈.§≈≈§≈.≈≈
########............)..
#...§≈§§≈.§§≈§≈§§§
################[#.≈###≈.≈###≈.≈#


You could see an orc.

Vanquished Creatures
  2 adders (D:2)
  2 worms (D:2)
  An orc (D:2)
  2 ball pythons (D:1)
  6 endoplasms
  A giant cockroach (D:2)
  3 goblins
  3 hobgoblins
  3 jackals (D:1)
  2 quokkas
  A bat (D:1)
  2 frilled lizards
  3 kobolds
  4 rats
35 creatures vanquished.

Notes
Turn   | Place    | Note
-------+----------+-------------------------------------------
     0 | D:1      | 112233 the Tengu Air Elementalist began the quest for the
                  | Orb.
     0 | D:1      | Reached XP level 1. HP: 10/10 MP: 4/4
   492 | D:1      | Reached XP level 2. HP: 16/16 MP: 4/6
  1008 | D:2      | Found Joituc's Antique Armour Emporium.
  1047 | D:2      | Reached skill level 1 in Fighting
  1047 | D:2      | Reached XP level 3. HP: 20/20 MP: 3/7
  2415 | D:2      | Reached XP level 4. HP: 25/25 MP: 2/8
  2767 | D:2      | Slain by an orc

Illustrated notes

Levels and vault maps discovered:
D:1:      sevenhm_arrival_forest_fort_large_4, layout_loops_ring
D:2:      layout_basic, serial_shops, shop, kennysheep_boxes
D:3:      layout_loops_ring, gup_sewer_entry_glass, minivault_11,
          wad_floor_pattern_2, saegor_snake_ambush

Skill      XL: |  1  2 |
---------------+-------+-----
Fighting       | 1 |  1.4
Dodging        | |  2.9
Stealth        | |  2.0
Spellcasting   | |  2.6
Conjurations   | |  1.3
Air Magic      | |  4.7

Action                   |  1- 3 |  4- 6 || total
-------------------------+-------+-------++-------
Melee: Unarmed           |     2 |       ||     2
 Cast: Shock             |    92 |     7 ||    99
Dodge: Dodged            |     5 |     8 ||    13
